 Dungeon Crawl Stone Soup version 0.19-a0-1007-g133f65f (webtiles) character file.

34752 HAL9000 the Bludgeoner (level 13, -3/146 (148) HPs)
             Began as an Ogre Berserker on July 21, 2016.
             Was a High Priest of Trog.
             Slain by a polar bear (18 damage)
             ... on level 6 of the Lair of Beasts.
             The game lasted 00:35:32 (14809 turns).

HAL9000 the Bludgeoner (Ogre Berserker)            Turns: 14809, Time: 00:35:33

HP:   -3/146 (148)  AC:  8    Str: 30    XL:     13   Next: 79%
MP:   0/13          EV: 17    Int:  3    God:    Trog [*****.]
Gold: 1066          SH:  0    Dex: 17    Spells: 0 memorised, 12 levels left

rFire  + + .     SeeInvis .     S - +6 giant spiked club of a volcano {god gift, freeze, rPois rC+}
rCold  + . .     Gourm    .     R - +2 robe "Vyaroz" {rPois rF++ Int-3 Dex+4}
rNeg   . . .     Faith    .     (shield currently unavailable)
rPois  +         Spirit   +     U - +2 hat {Spirit}
rElec  .         Dismiss  .     m - +0 cloak
rCorr  .         Reflect  .     (gloves unavailable)
SustAt .         Harm     .     (boots unavailable)
MR     +....                    T - amulet of regeneration
Stlth  ++........               y - +2 ring of slaying
                                M - +5 ring of strength

@: somewhat resistant to hostile enchantments, unstealthy
A: unfitting armour, tough skin 1
a: Berserk, Trog's Hand, Brothers in Arms, Burn Spellbooks, Renounce Religion


You were on level 6 of the Lair of Beasts.
You worshipped Trog.
Trog was extremely pleased with you.
You were hungry.

You visited 2 branches of the dungeon, and saw 15 of its levels.
You also visited: Sewer.

You collected 1066 gold pieces.

Inventory:

Hand Weapons
 S - the +6 giant spiked club of a volcano (weapon) {god gift, freeze, rPois rC+}
   (Trog gifted it to you on level 9 of the Dungeon)

   It has been specially enchanted to freeze those struck by it, causing extra
   injury to most foes and up to half again as much damage against particularly
   susceptible opponents.
   It can also slow down cold-blooded creatures.
   It protects you from cold.
   It protects you from poison.
Missiles
 n - 2 javelins (quivered)
 D - a throwing net
Armour
 m - a +0 cloak (worn)
 R - the +2 robe "Vyaroz" (worn) {rPois rF++ Int-3 Dex+4}
   (You found it on level 9 of the Dungeon)

   It affects your intelligence (-3).
   It affects your dexterity (+4).
   It greatly protects you from fire.
   It protects you from poison.
 U - a +2 hat of spirit shield (worn)
Jewellery
 s - an uncursed ring of flight
 y - a +2 ring of slaying (right hand)
 H - an uncursed ring of positive energy
 M - a +5 ring of strength (left hand)
 P - an uncursed ring of fire
 T - an amulet of regeneration (around neck)
Wands
 q - a wand of slowing (23/48)
 B - a wand of iceblast (8/15)
 C - a wand of paralysis (14/24)
 J - a wand of slowing (33/48)
 V - a wand of random effects (24/48)
Scrolls
 i - 4 scrolls of identify
 v - 3 scrolls of magic mapping
 z - 2 scrolls of recharging
 A - 8 scrolls of remove curse
 F - a scroll of teleportation
 L - a scroll of blinking
Potions
 h - 9 potions of curing
 k - 4 potions of invisibility
 p - 3 potions of heal wounds
 t - 2 potions of lignification
 u - 2 potions of brilliance
 x - 2 potions of berserk rage
 E - 3 potions of might
 K - 2 potions of flight
 N - 3 potions of agility
 W - a potion of haste
 X - 2 potions of ambrosia
Miscellaneous
 Q - a phantom mirror
Comestibles
 c - 12 bread rations
 f - 3 beef jerkies
 G - 5 meat rations
 I - 3 slices of pizza
 Y - 35 fruits


   Skills:
 + Level 14.7 Fighting
 * Level 19.6 Maces & Flails
 + Level 5.9 Throwing
 + Level 10.3 Dodging


You had 12 spell levels left.
You didn't know any spells.

Dungeon Overview and Level Annotations

Branches:
Dungeon (10/15)            Temple (0/1) D:6            Lair (6/6) D:8
 Shoals (0/4) Lair:2       Spider (0/4) Lair:2        Slime (0/5) Lair:5
    Orc: D:9-12

Altars:
Fedhas
Gozag
Kikubaaqudgha
Makhleb
Okawaru
Pakellas
Trog
Zin
The Shining One

Shops:
D:4 =   D:10 (


Innate Abilities, Weirdness & Mutations

You are too large for most types of armour.
You have tough skin. (AC +1)


Message History

The sheep closely misses you.
Unknown command.
As you read the scroll of fear, it crumbles to dust.
You assume a fearsome visage.
The blink frog looks frightened!
The sheep looks frightened!
A frightened sheep leaps away.
The sheep looks frightened!
The sheep bleats in terror.
The sheep looks frightened!
The sheep bleats in terror.
The sheep looks frightened!
The sheep bleats in terror.
The sheep looks frightened!
The sheep bleats in terror.
The sheep looks frightened!
A frightened sheep leaps away.
The sheep looks frightened!
The sheep bleats in terror.
The basilisk looks frightened!
The polar bear bites you!!
You die...

## #. ##..
..... # .....##
#####.#
##...P.#P.....#
....F.hl.......
#@P.# #YYY#.#
##YY# YY.# .(..
...... .#.###
#.P.#


You could see a polar bear (berserk), a basilisk (fleeing), a blink frog
(fleeing) and 7 sheep.

Vanquished Creatures
  Gastronok (D:8)
  Nessos (Lair:5)
  A dire elephant (Lair:5)
  Harold (D:10)
  A catoblepas (Lair:4)
  A centaur warrior (D:10)
  3 griffons
  A wolf spider (Lair:2)
  A centaur zombie (D:10)
  15 elephants (Lair:5)
  2 centaur skeletons
  7 spiny frogs
  5 komodo dragons (Lair:2)
  A torpor snail (Lair:3)
  2 rime drakes
  3 jumping spiders (Lair:2)
  18 blink frogs
  A spriggan (Lair:5)
  The ghost of HAL9000 the Cudgeler, an amateur OgHu (D:3)
  24 yaks
  2 wyverns
  2 hungry ghosts
  2 basilisks
  3 hippogriffs
  8 water moccasins
  9 porcupines
  3 orc warriors
  Purgy (Sewer)
  3 phantoms
  3 sky beasts
  6 ogres
  3 necrophages
  11 wolves
  4 centaurs
  5 crocodiles
  6 big kobolds
  18 giant frogs
  A wyvern zombie (D:10)
  A water moccasin zombie (D:8)
  2 scorpions (D:8)
  3 electric eels
  5 howler monkeys
  4 crimson imps
  2 quasits
  A giant frog zombie (D:6)
  3 hounds
  4 jellies
  5 orc priests
  2 giant frog skeletons
  7 iguanas
  5 orc wizards
  2 hell rats (Lair:3)
  2 worker ants (D:4)
  A killer bee zombie (D:10)
  5 sheep (Lair:1)
  A hound zombie (D:8)
  A hound skeleton (D:9)
  2 worker ant zombies
  Robin (D:4)
  8 gnolls (D:3)
  11 adders
  56 river rats
  A shadow imp (D:9)
  4 oozes
  An adder skeleton (D:8)
  5 worms
  2 dart slugs (D:1)
  5 giant geckos
  31 orcs
  10 bats
  8 giant cockroaches
  48 goblins
  21 hobgoblins
  9 jackals
  18 kobolds
  2 quokkas
  A ball python (D:3)
  A giant gecko skeleton (D:4)
  6 giant newts
  2 quokka skeletons
  A quokka zombie (D:6)
  11 rats
  A bush (Lair:5)
  4 plants
506 creatures vanquished.

Vanquished Creatures (others)
  A human (D:8)
  A goblin (D:3)
  66 fungi
  15 plants
83 creatures vanquished.

Grand Total: 589 creatures vanquished

Notes
Turn   | Place    | Note
-------+----------+-------------------------------------------
     0 | D:1      | HAL9000 the Ogre Berserker began the quest for the Orb.
     0 | D:1      | Reached XP level 1. HP: 24/24 MP: 1/1
   110 | D:1      | Reached XP level 2. HP: 23/32 MP: 2/2
   728 | D:1      | Reached XP level 3. HP: 32/40 MP: 3/3
   751 | D:1      | Reached ** piety under Trog
   785 | D:1      | Reached skill level 5 in Maces & Flails
  1691 | D:3      | Reached skill level 5 in Fighting
  1691 | D:3      | Reached XP level 4. HP: 50/50 MP: 4/4
  1698 | D:3      | Reached skill level 6 in Maces & Flails
  2013 | D:3      | HP: 2/50 [something (4)]
  2014 | D:3      | Reached XP level 5. HP: 2/57 MP: 5/5
  2117 | D:3      | Found a glowing drain.
  2121 | Sewer    | Entered a sewer
  2133 | Sewer    | Noticed Purgy
  2156 | Sewer    | Killed Purgy
  2156 | Sewer    | Reached skill level 7 in Maces & Flails
  2156 | Sewer    | Reached XP level 6. HP: 33/67 MP: 6/6
  2528 | D:3      | Found an iron altar of Okawaru.
  2531 | D:3      | Found an ancient bone altar of Kikubaaqudgha.
  2569 | D:3      | Noticed HAL9000's ghost (amateur OgHu)
  2620 | D:3      | Killed HAL9000's ghost
  2620 | D:3      | Reached skill level 8 in Maces & Flails
  2641 | D:3      | Reached XP level 7. HP: 71/76 MP: 7/7
  2715 | D:3      | Reached *** piety under Trog
  3003 | D:3      | Reached **** piety under Trog
  3089 | D:3      | Reached skill level 9 in Maces & Flails
  3431 | D:3      | Found a bloodstained altar of Trog.
  3579 | D:3      | Found a glowing silver altar of Zin.
  3580 | D:3      | Found an opulent altar of Gozag.
  3852 | D:4      | Reached XP level 8. HP: 87/87 MP: 8/8
  3912 | D:4      | Found Ykixyh Syid's Jewellery Shop.
  3924 | D:4      | Reached skill level 10 in Maces & Flails
  3938 | D:4      | Noticed Robin
  3957 | D:4      | Killed Robin
  4249 | D:4      | Found a glowing golden altar of the Shining One.
  4636 | D:5      | Entered Level 5 of the Dungeon
  4803 | D:5      | Reached ***** piety under Trog
  4993 | D:5      | Found a blossoming altar of Fedhas.
  5184 | D:5      | Reached skill level 11 in Maces & Flails
  5216 | D:5      | Found an oddly glowing altar of Pakellas.
  5658 | D:6      | Found a staircase to the Ecumenical Temple.
  5699 | D:6      | Reached XP level 9. HP: 56/95 MP: 9/9
  6134 | D:6      | You fall through a shaft for 2 floors!
  6146 | D:8      | Reached skill level 12 in Maces & Flails
  6149 | D:8      | Reached skill level 5 in Dodging
  6233 | D:8      | Noticed Gastronok
  6248 | D:8      | Killed Gastronok
  6248 | D:8      | Reached skill level 10 in Fighting
  6248 | D:8      | Reached skill level 13 in Maces & Flails
  6248 | D:8      | Reached XP level 10. HP: 108/108 MP: 10/10
  6309 | D:8      | Reached skill level 14 in Maces & Flails
  6333 | D:8      | Found a staircase to the Lair.
  6343 | D:8      | Found an ancient bone altar of Kikubaaqudgha.
  7013 | D:9      | Received a gift from Trog
  7016 | D:9      | Got a smoking giant spiked club {god gift}
  7051 | D:9      | Identified the +6 giant spiked club of a volcano {god gift, freeze, rPois rC+} (Trog gifted it to you on level 9 of the Dungeon)
  7090 | D:9      | Got a ripped robe
  7101 | D:9      | Identified the +2 robe "Vyaroz" {rPois rF++ Int-3 Dex+4} (You found it on level 9 of the Dungeon)
  7805 | D:9      | Reached skill level 15 in Maces & Flails
  7964 | D:9      | Found a burning altar of Makhleb.
  8003 | D:10     | Entered Level 10 of the Dungeon
  8058 | D:10     | Reached XP level 11. HP: 115/118 MP: 11/11
  8113 | D:10     | Noticed Harold
  8151 | D:10     | Killed Harold
  8165 | D:10     | Reached skill level 16 in Maces & Flails
  8295 | D:10     | Found Zeoxymeisen's Antique Weapon Shoppe.
  8352 | D:10     | Noticed a centaur warrior
  8357 | D:10     | Killed a centaur warrior
  8631 | Lair:1   | Entered Level 1 of the Lair of Beasts
  8772 | Lair:1   | Received a gift from Trog
  9512 | Lair:1   | Reached skill level 17 in Maces & Flails
  9815 | Lair:2   | Found a staircase to the Shoals.
  9822 | Lair:2   | Reached XP level 12. HP: 125/131 MP: 12/12
 10036 | Lair:2   | Reached skill level 1 in Throwing
 10446 | Lair:2   | Found a hole to the Spider Nest.
 11374 | Lair:3   | Received a gift from Trog
 11618 | Lair:2   | Reached skill level 18 in Maces & Flails
 13067 | Lair:4   | Reached XP level 13. HP: 143/143 MP: 13/13
 13197 | Lair:4   | Received a gift from Trog
 14029 | Lair:5   | Reached skill level 19 in Maces & Flails
 14051 | Lair:5   | Reached skill level 5 in Throwing
 14072 | Lair:5   | Reached skill level 10 in Dodging
 14115 | Lair:5   | Found a staircase to the Slime Pits.
 14314 | Lair:5   | Noticed a dire elephant
 14326 | Lair:5   | Killed a dire elephant
 14524 | Lair:5   | Noticed Nessos
 14541 | Lair:5   | Killed Nessos
 14787 | Lair:6   | Entered Level 6 of the Lair of Beasts
 14809 | Lair:6   | Slain by a polar bear

Vault maps used:
D:1:      grunt_arrival_crossed_arrows, minmay_misc_feat_nine_boxes
D:2:      serial_co_window_serial, co_window_corner_a, co_window_corner_a,
          co_window_paths_b, co_window_paths_b, co_window_of_opportunity_a,
          co_window_unsneaky_path_b, co_window_corner_b, co_window_corner_b,
          co_window_2corner, co_window_2corner, co_window_corner_b,
          co_window_paths_e, co_window_4corner_a, glass_columns_a,
          glass_columns_b, glass_columns_a
D:3:      minmay_goblin_kobold_castle, grunt_temple_overflow_gold_and_silver,
          grunt_temple_overflow_open, gup_sewer_entry_bowl,
          kennysheep_cluttered_room, minivault_4, trog_butcher_becter
D:4:      tso_metal_star, serial_shops, shop, first_bread, hangedman_decor_push,
          uniq_robin
D:5:      grunt_pakellas_basics, fedhas_bush_and_centaur_altar
D:6:      serial_shops, kennysheep_mini_moat, uniq_pikel
D:8:      kennysheep_ambush_hall, due_lair_maze_entry_diamond,
          serial_corexii_hall, corexii_hall_statues_l,
          corexii_hall_statues_deadend, corexii_hall_statues_l,
          blue_anna_alchemist, tgw_kikubaaqudgha, uniq_gastronok
D:9:      makhleb_blood_cavern_becter
D:10:     serial_shops, nicolae_shop_waterfront, grunt_potential, uniq_harold
Lair:1:   fungi_pond_lemuel, lemuel_fruit_tree, grunt_megastairs_3
Lair:2:   beast_lair_carwin_large_2, shoals_dummy_entry,
          spider_nest_entry_funnel_web, serial_bayou_shore_a, grunt_megastairs_5
Lair:3:   kennysheep_rathole, st_stairs_5, grunt_megastairs_2
Lair:4:   pond
Lair:5:   mu_elephants_graveyard, nicolae_slime_entry_slimehenge,
          minmay_hedge_maze, uniq_nessos
Lair:6:   evil_forest
Sewer:    kennysheep_door_sewer

Skill      XL: |  1  2  3  4  5  6  7  8  9 10 11 12 13 |
---------------+----------------------------------------+-----
Maces & Flails | 5 6 7 8 9 11 13 15 17 18 19 | 19.6
Fighting       | 5 6 7 8 10 11 12 13 14 | 14.7
Dodging        | 3 4 6 7 8 9 10 | 10.3
Throwing       | 4 5 |  5.9

Action                   |  1- 3 |  4- 6 |  7- 9 | 10-12 | 13-15 || total
-------------------------+-------+-------+-------+-------+-------++-------
Melee: Mace              |   108 |   105 |   296 |       |       ||   509
       Giant club        |       |       |    93 |       |       ||    93
       Giant spiked club |       |       |    34 |   563 |   175 ||   772
Throw: Javelin           |       |       |     6 |     4 |     2 ||    12
       Throwing net      |       |       |       |       |     2 ||     2
Invok: Trog's Hand       |     1 |     4 |     2 |     4 |     2 ||    13
       Berserk           |     1 |     3 |     5 |     3 |     1 ||    13
  Use: Potion            |       |     3 |     1 |       |       ||     4
       Scroll            |       |       |    14 |     9 |     4 ||    27
 Stab: Sleeping          |     1 |       |       |     2 |     1 ||     4
  Eat: Chunk             |     2 |     8 |    17 |    28 |     7 ||    62
       Royal jelly       |       |       |     1 |       |       ||     1
       Fruit             |       |       |       |     9 |       ||     9
Armor: Animal skin       |    34 |    43 |       |       |       ||    77
       Troll hide        |       |     9 |   114 |       |       ||   123
       Troll leather arm |       |       |    20 |    80 |       ||   100
       Robe              |       |       |       |   123 |    62 ||   185
Dodge: Dodged            |    49 |    72 |   281 |   415 |   150 ||   967
